 Dungeon Crawl Stone Soup version 0.30.1-4-g462c640d31 (webtiles) character file.

Game seed: 14757211986398831002

21 croobank the Sneak (level 2, -2/24 HPs)
             Began as a Demonspawn Delver on Sept 6, 2023.
             Slain by a gnoll
             ... wielding a +0 whip
              (6 damage)
             ... on level 2 of the Dungeon.
             The game lasted 00:02:00 (419 turns).

croobank the Sneak (Demonspawn Delver)               Turns: 419, Time: 00:02:00

Health: -2/24      AC:  4    Str: 12    XL:     2   Next: 65%
Magic:  2/2        EV: 11    Int: 11    God:
Gold:   25         SH:  0    Dex: 14    Spells: 1/1 levels left

rFire   . . .        a - +0 short sword
rCold   . . .        (no shield)
rNeg    . . .        b - +0 leather armour
rPois   .            (no helmet)
rElec   .            (no cloak)
rCorr   .            (no gloves)
SInv    .            k - +0 pair of boots
Will    .....        (no amulet)
Stlth   +++          (no ring)
HPRegen 0.24/turn    (no ring)
MPRegen 0.08/turn

%: no passive effects
@: no status effects
A: spiny 1
a: no special abilities


You were on level 2 of the Dungeon.
You visited 1 branch of the dungeon, and saw 5 of its levels.

You collected 25 gold pieces.

Inventory:

Hand Weapons
 a - a +0 short sword (weapon)
 d - a +0 dagger
 f - a +0 trident
Armour
 b - a +0 leather armour (worn)
 k - a +0 pair of boots (worn)
Jewellery
 i - an amulet of faith
Wands
 g - a wand of digging (2)
Scrolls
 e - a scroll of amnesia {unknown}
 h - a scroll of noise {unknown}
Potions
 j - a potion of berserk rage {unknown}
 l - a potion of brilliance {unknown}


   Skills:
 - Level 3.0 Fighting
 - Level 1.7 Short Blades
 - Level 1.7 Dodging
 + Level 5.3 Stealth


You had one spell level left.
You didn't know any spells.
Your spell library was empty.

Dungeon Overview and Level Annotations

Branches:
Dungeon (6/15)             Temple (0/1) D:5

Altars:

Annotations:
D:6 Pikel


Innate Abilities, Weirdness & Mutations

You are partially covered in sharp spines.


Message History

You hear a shout!
The gnoll closely misses you.
You barely miss the gnoll.
The gnoll is lightly wounded.
The gnoll is struck by your spines. The gnoll barely misses you.
You hit the gnoll but do no damage.
The gnoll is moderately wounded.
The gnoll barely misses you.
You closely miss the gnoll.
The gnoll is moderately wounded.
The gnoll closely misses you. The gnoll is struck by your spines.
The gnoll barely misses you.
You barely miss the gnoll.
The gnoll is moderately wounded.
The gnoll is struck by your spines. The gnoll completely misses you.
The gnoll closely misses you.
You closely miss the gnoll.
The gnoll is moderately wounded.
The gnoll hits you with a +0 whip.
You completely miss the gnoll.
The gnoll is moderately wounded.
The gnoll closely misses you. The gnoll is struck by your spines.
The gnoll hits you with a +0 club. The gnoll is struck by your spines.
The gnoll closely misses you.
You hit the gnoll.
The gnoll is heavily wounded.
The gnoll hits you with a +0 whip. The gnoll closely misses you.
The gnoll completely misses you.
You are too injured to fight recklessly!
You are too injured to fight recklessly!
The gnoll attacks as you move away! The gnoll is struck by your spines.
The gnoll hits you with a +0 whip.
* * * LOW HITPOINT WARNING * * *
The gnoll attacks as you move away! The gnoll hits you with a +0 club.
* * * LOW HITPOINT WARNING * * *
As you read the scroll of fog, it crumbles to dust.
The scroll dissolves into smoke.
The gnoll closely misses you. The gnoll attacks as you move away!
The gnoll is struck by your spines. The gnoll hits you with a +0 whip.
You die...

#.# ## ##.#### ## ..
..#.. .# . #.#.# .#
#.##.#.# .#
#.#..§§####.######
#....§§@g§g.......
#.###..§§####g#####.
.# #......#§.....#
.# ######.########
.# #.# .# ##'## .#
##...## .####
##.....## .##.##
##.......#


You could see a gnoll.

Vanquished Creatures
  An adder (D:3)
  2 endoplasms
  2 goblins (D:3)
  A jackal (D:3)
  A quokka (D:3)
  2 ball pythons (D:3)
  3 frilled lizards
  A kobold (D:3)
  A rat (D:3)
14 creatures vanquished.

Notes
Turn   | Place    | Note
-------+----------+-------------------------------------------
     0 | D:5      | croobank the Demonspawn Delver began the quest for the Orb.
     0 | D:5      | Reached XP level 1. HP: 18/18 MP: 1/1
     1 | D:6      | Noticed a lemure
     2 | D:6      | Noticed a lemure
     4 | D:6      | Noticed Pikel
    63 | D:3      | Reached skill level 5 in Stealth
    63 | D:3      | Gained mutation: You are partially covered in sharp spines.
                  | [demonic ancestry]
    63 | D:3      | Reached XP level 2. HP: 22/24 MP: 2/2
   419 | D:2      | Slain by a gnoll

Illustrated notes

Levels and vault maps discovered:
D:2:      layout_loops_corners, uniq_terence
D:3:      layout_rooms, gammafunk_temple_overflow_elements,
          minmay_misc_feat_rugged, hangedman_decor_clover_reticule,
          minmay_fractal_squares_diagonal_5
D:4:      layout_basic, corexii_item_surrounded_by_moat, nicolae_shop_gadgets
D:5:      layout_loops_cross, grunt_temple_overflow_diamond,
          minmay_temple_entry_tees, serial_shops, nicolae_book_shop_shelving
D:6:      layout_loops_cross, gammafunk_ghost_stat_death, uniq_pikel

Skill      XL: |  1 |
---------------+----+-----
Stealth        | 5 |  5.3
Fighting       | |  3.0
Short Blades   | |  1.7
Dodging        | |  1.7

Action                     || total
---------------------------++-------
  Melee: Short sword       ||    44
  Evoke: Wand              ||     1
    Use: Scroll            ||     3
         Potion            ||     1
   Stab: Sleeping          ||     2
 Armour: Leather armour    ||     2
  Dodge: Dodged            ||    23
